 Dungeon Crawl Stone Soup version bcrawl-1.40.3b (webtiles) character file.

Game seed: 6509668233442009877

264432 Finalfun the Slicer (level 9, -10/69 HPs)
             Began as a Human Archaeologist on Mar 16, 2024.
             Mangled by Menkaure (17 damage)
             ... on level 6 of the Dungeon.
             The game lasted 00:21:26 (6604 turns).

Finalfun the Slicer (Human Archaeologist)           Turns: 6604, Time: 00:21:26

Health: -10/69     AC:  7    Str: 13 (14) XL:     9   Next: 83%
Magic:  12/12      EV: 13    Int: 16 (17) God:
Gold:   312        SH:  0    Dex: 10 (12) Spells: 8/8 levels left

rFire    . . .     GDR:     27% a - +4 short sword
rCold    + . .     SeeInvis .   (no shield)
rNeg     . . .     Gourm    .   H - +0 leather armour {rC+}
rPois    .         Faith    .   d - +1 hat
rElec    .         Spirit   .   (no cloak)
rCorr    .         Reflect  .   (no gloves)
MR       .....                  y - +1 pair of boots
Stlth    ++........             (no amulet)
HPRegen  0.21/turn              (no ring)
MPRegen  0.13/turn              (no ring)

@: no status effects
A: clever 1, deterioration 1
a: no special abilities


You were on level 6 of the Dungeon.
You were not hungry.

You visited 1 branch of the dungeon, and saw 6 of its levels.
You also visited: Sewer.

You collected 312 gold pieces.

Inventory:

Hand Weapons
 a - a +4 short sword (weapon)
 b - a +0 blowgun
 c - a +6 long sword
 B - a cursed -3 war axe
Missiles
 g - 2 throwing nets {=f}
 j - 809 arrows
 p - 982 sling bullets
 s - 46 poisoned needles
Armour
 d - a +1 hat (worn)
 o - a +0 pair of gloves
 y - a +1 pair of boots (worn)
 G - a +0 plate armour
 H - a +0 leather armour of cold resistance (worn)
Jewellery
 r - the amulet of Siob {Inacc rPois MP+9 Int-2 Stlth-, unknown}
   (You found it on level 2 of the Dungeon)

   [amulet of inaccuracy]

   It reduces the accuracy of all your attacks.
   It affects your intelligence (-2).
   It protects you from poison.
   It affects your magic capacity (+9).
   It makes you less stealthy.
 E - an uncursed ring of protection from magic {unknown}
Wands
 h - a wand of scattershot (10)
 C - a wand of flame (16)
 M - a wand of polymorph (12)
 O - a wand of random effects (10)
Scrolls
 n - a scroll of immolation {unknown}
 q - 3 scrolls of teleportation
 w - 2 scrolls of revelation
 x - 2 scrolls of fog
 D - a scroll of remove curse {unknown}
 F - a scroll of amnesia
 I - a scroll of fear {unknown}
 J - a scroll of silence {unknown}
 K - 2 scrolls of blinking
Potions
 f - a potion of degeneration {unknown}
 k - a potion of lignification {unknown}
 l - a potion of mutation
 m - 3 potions of magic
 v - 3 potions of haste
 z - 2 potions of brilliance
 A - a potion of cancellation
 L - a potion of resistance {unknown}
Comestibles
 e - 10 rations {!d}
 i - 4 chunks of flesh


   Skills:
 - Level 6.0 Fighting
 - Level 8.0 Short Blades
   Level 1.1 Maces & Flails
 + Level 5.5 Armour
 - Level 6.0 Dodging
 - Level 4.0 Stealth
 - Level 5.0 Evocations


You had 8 spell levels left.
You didn't know any spells.
Your spell library was empty.

Dungeon Overview and Level Annotations

Branches:
Dungeon (6/12)
 Temple: D:4-7

Altars:
Gozag
Hepliaklqana
Xom
The Shining One

Annotations:
D:6 Menkaure


Innate Abilities, Weirdness & Mutations

Your mind is acute. (Int +2)
Your body sometimes deteriorates upon taking damage.


Message History

Menkaure is moderately damaged.
Menkaure hits you!
* * * LOW HITPOINT WARNING * * *
Your body deteriorates!
You feel clumsy.
You hit Menkaure.
Menkaure is heavily damaged.
You barely miss Menkaure.
Menkaure is heavily damaged.
Menkaure hits you.
* * * LOW HITPOINT WARNING * * *
You hit Menkaure.
Menkaure is heavily damaged.
You feel better. Menkaure casts a spell at you. Pain shoots through your body!
* * * LOW HITPOINT WARNING * * *
You hit Menkaure.
Menkaure is severely damaged.
Menkaure hits you!
You die...

# # ..#
############
#.#
...........#
#.#
##########.##
#.# # #..#
#.# # ##.##
#.# # #..#
#M# # ##.#
#@# # #.###.#
# #..##(#
##.##.#..# #
#†.#.#..# #
##.#.#..#
#####
#...#..#
....#
##..#..#
###.# #..#..#


You could see Menkaure.

Vanquished Creatures
  Prince Ribbit (D:5)
  Duvessa (D:5)
  2 sky beasts
  Blork the orc (D:6)
  A kobold brigand (D:5)
  4 bullfrogs
  A gnoll sergeant (D:3)
  3 centaurs (D:6)
  Dowan (D:5)
  3 scorpions
  3 wights
  A howler monkey (D:5)
  An orc priest (D:6)
  A bullfrog zombie (D:4)
  4 crimson imps
  3 jellies
  2 hounds
  A bullfrog skeleton (D:4)
  A gnoll shaman (D:6)
  Ijyb (D:5)
  2 worker ants
  3 hound skeletons
  5 gnolls
  22 adders
  4 river rats (Sewer)
  2 shadow imps (D:6)
  An ooze (D:3)
  5 adder skeletons
  4 worms
  10 dart slugs
  10 leopard geckos
  14 orcs
  13 ball pythons
  2 giant cockroaches
  4 goblins
  6 hobgoblins
  9 jackals
  4 quokkas
  4 bats
  4 frilled lizards
  16 kobolds
  A quokka skeleton (D:4)
  36 rats
217 creatures vanquished.

Notes
Turn   | Place    | Note
-------+----------+-------------------------------------------
     0 | D:1      | Finalfun the Human Archaeologist began the quest for the
                  | Orb.
     0 | D:1      | Reached XP level 1. HP: 15/15 MP: 1/1
   108 | D:1      | Reached XP level 2. HP: 19/21 MP: 2/2
   289 | D:1      | Reached XP level 3. HP: 26/26 MP: 3/3
  1030 | D:2      | Reached XP level 4. HP: 33/34 MP: 4/4
  1279 | D:2      | Reached skill level 1 in Short Blades
  1496 | D:2      | Got a twitching jade amulet
  1577 | D:2      | Found a hazy altar of Hepliaklqana.
  1578 | D:2      | Found a shimmering altar of Xom.
  1578 | D:2      | Noticed a Killer Klown
  1582 | D:2      | Noticed a spectral ugly thing
  1582 | D:2      | Noticed a Killer Klown
  1887 | D:3      | Found a glowing drain.
  1901 | Sewer    | Entered a sewer
  1939 | Sewer    | Reached XP level 5. HP: 38/41 MP: 5/5
  1939 | Sewer    | Identified a scroll of acquirement
  2019 | Sewer    | Reached skill level 2 in Short Blades
  2045 | Sewer    | Reached skill level 1 in Evocations
  2189 | Sewer    | Gained mutation: Your body sometimes deteriorates upon
                  | taking damage. [potion of mutation]
  2189 | Sewer    | Gained mutation: Your mind is acute. (Int +2) [potion of
                  | mutation]
  2402 | Sewer    | Reached XP level 6. HP: 47/47 MP: 7/7
  2511 | Sewer    | HP: 2/48 [bullfrog (4)]
  2525 | Sewer    | Reached skill level 3 in Short Blades
  2732 | D:3      | Reached XP level 7. HP: 48/54 MP: 9/9
  2765 | D:3      | Found an opulent altar of Gozag.
  2841 | D:3      | Reached skill level 4 in Short Blades
  3603 | D:4      | Reached skill level 5 in Short Blades
  3811 | D:4      | Found a glowing golden altar of the Shining One.
  3953 | D:4      | Reached skill level 5 in Evocations
  4078 | D:4      | Reached XP level 8. HP: 60/60 MP: 11/11
  4169 | D:4      | Reached skill level 6 in Short Blades
  4267 | D:5      | Entered Level 5 of the Dungeon
  4290 | D:5      | Noticed Ijyb
  4461 | D:5      | Reached skill level 7 in Short Blades
  4563 | D:5      | Killed Ijyb
  4762 | D:5      | Noticed Prince Ribbit
  4926 | D:5      | Killed Prince Ribbit
  4927 | D:5      | Reached skill level 8 in Short Blades
  4949 | D:5      | Reached skill level 5 in Fighting
  5156 | D:5      | Reached XP level 9. HP: 68/68 MP: 12/12
  5296 | D:5      | Noticed Dowan
  5331 | D:5      | Killed Dowan
  5348 | D:5      | Noticed Duvessa
  5497 | D:5      | Killed Duvessa
  5498 | D:5      | Reached skill level 5 in Dodging
  5711 | D:6      | Noticed Blork the orc
  5719 | D:6      | Killed Blork the orc
  5829 | D:6      | Reached skill level 1 in Armour
  6387 | D:6      | Reached skill level 5 in Armour
  6586 | D:6      | Noticed Menkaure
  6596 | D:6      | HP: 3/69 [Menkaure/nerve-wracking pain (8)]
  6601 | D:6      | HP: 2/69 [Menkaure (1)]
  6604 | D:6      | Mangled by Menkaure

Skill      XL: |  1  2  3  4  5  6  7  8  9 |
---------------+----------------------------+-----
Stealth        | 4 |  4.0
Dodging        | 4 6 |  6.0
Fighting       | 2 3 4 5 6 |  6.0
Short Blades   | 1 2 3 5 8 |  8.0
Evocations     | 1 3 5 |  5.0
Armour         | 5 |  5.5
Maces & Flails | |  1.1

Action                   |  1- 3 |  4- 6 |  7- 9 || total
-------------------------+-------+-------+-------++-------
Melee: Whip              |   123 |       |       ||   123
       Short sword       |       |   232 |   496 ||   728
 Fire: Blowgun           |       |       |    17 ||    17
Evoke: Wand              |       |       |     2 ||     2
  Use: Scroll            |       |     6 |     6 ||    12
       Potion            |       |     5 |     3 ||     8
 Stab: Sleeping          |     5 |     4 |     9 ||    18
       Distracted        |     1 |     1 |       ||     2
  Eat: Chunk             |     4 |    12 |    18 ||    34
       Ration            |       |       |     1 ||     1
Armor: Robe              |    38 |    98 |    62 ||   198
       Leather armour    |       |       |    18 ||    18
Dodge: Dodged            |    99 |   203 |   235 ||   537
